 Dungeon Crawl Stone Soup version 0.30-a0-168-g0b976cbdc4 (webtiles) character file.

Game seed: 9805068229608280182

53 qw the Chopper (level 3, -3/23 HPs)
             Began as a Gargoyle Fighter on Sept 29, 2022.
             Slain by Grinder (4 damage)
             ... on level 3 of the Dungeon.
             The game lasted 00:00:41 (2302 turns).

qw the Chopper (Gargoyle Fighter)                   Turns: 2302, Time: 00:00:42

Health: -3/23      AC: 10    Str: 21    XL:     3   Next: 87%
Magic:  3/3        EV: 13    Int:  8    God:
Gold:   50         SH:  4    Dex:  9    Spells: 2/2 levels left

rFire   + . .      SeeInvis .    Y - +0 war axe
rCold   + + .      Faith    .    c - +0 buckler
rNeg    + . .      Spirit   .    b - +0 scale mail
rPois   inf        Reflect  .    (no helmet)
rElec   +          Harm     .    r - scarf {rC+ rF+}
rCorr   .          Rampage  .    (no gloves)
Will    .....                    (no boots)
Stlth   ..........               i - amulet of the acrobat
HPRegen 0.07/turn                f - ring of protection from cold
MPRegen 0.08/turn                j - +4 ring of evasion

@: about to teleport
A: sickness immunity, AC +3, negative energy resistance 1, electricity
resistance, torment resistance 1, petrification resistance
a: no special abilities


You were on level 3 of the Dungeon.
You visited 1 branch of the dungeon, and saw 3 of its levels.

You collected 104 gold pieces.
You spent 54 gold pieces at shops.


Innate Abilities, Weirdness & Mutations

You are immune to sickness and miasma.
Your stone body is resilient. (AC +3)
You are immune to poison.
You resist negative energy. (rN+)
You are resistant to electric shocks. (rElec)
You are resistant to unholy torment.
You are immune to petrification.


   Skills:
 - Level 3.2 Fighting
 + Level 3.7 Axes
 - Level 3.2 Armour
 - Level 3.2 Shields


You had 2 spell levels left.
You didn't know any spells.
Your spell library was empty.

Inventory:

Hand Weapons
 a - a +0 flail
 Y - a +0 war axe (weapon)
Armour
 b - a +0 scale mail (worn)
 c - a +0 buckler (worn)
 p - a +0 cloak
 r - a scarf of resistance (worn)
Jewellery
 f - a ring of protection from cold (left hand)
 i - an amulet of the acrobat (around neck)
 j - a +4 ring of evasion (right hand)
Scrolls
 l - 2 scrolls of enchant weapon {unknown}
 o - a scroll of identify
Potions
 d - a potion of might
 e - a potion of resistance {unknown}
 g - a potion of haste {unknown}
 h - 2 potions of mutation {unknown}
 m - a potion of curing {unknown}
 n - a potion of lignification {unknown}
 s - 2 potions of heal wounds {unknown}

Dungeon Overview and Level Annotations

Branches:
Dungeon (3/15)

Altars:
Elyvilon
Wu Jian

Shops:
D:2 *

Annotations:
D:3 Grinder


Message History

Grinder is lightly wounded.
Grinder barely misses you.
You barely miss Grinder.
Grinder is lightly wounded.
Grinder barely misses you.
You barely miss Grinder.
Grinder is lightly wounded.
Grinder barely misses you. Grinder closely misses you.
You hit Grinder.
Grinder is lightly wounded.
Grinder says, "Just stop there for a second..."
Grinder barely misses you.
You barely miss Grinder.
Grinder is lightly wounded.
Grinder barely misses you.
You slash Grinder!
Grinder is heavily wounded.
Grinder gestures at you. Pain shoots through your body!
Grinder gestures at you. Pain shoots through your body!
You closely miss Grinder.
Grinder is heavily wounded.
Grinder blinks!
Grinder gestures at you.
You suddenly lose the ability to move!
Grinder hits you but does no damage.
Grinder blinks!
You can move again.
You start resting.
Grinder is nearby!
Grinder gestures at you.
You suddenly lose the ability to move!
Grinder hits you.
You writhe in agony.
You can move again.
2302 ||| READING scroll of teleportation.
As you read the scroll of teleportation, it crumbles to dust.
You feel strangely unstable. Grinder hits you.
You die...

### ## #.#### #..
.....# #.#. #.##.#
#.... #.##.#
......##.##.########
......5@............
.....)#.###.########
. #.... #.# #.#
..#.#.###.###.# #..
..........##.#######
#..
.#..................
#..
..........#######...
#.< ####.#..## ...
#...##


You could see Grinder.

Vanquished Creatures
  2 worms (D:2)
  2 dart slugs
  An orc (D:3)
  3 endoplasms
  2 giant cockroaches
  4 hobgoblins
  9 kobolds
  A quokka (D:1)
  3 ball pythons (D:1)
  3 bats
  4 goblins
  6 rats
40 creatures vanquished.

Vanquished Creatures (others)
  13 plants (D:1)
13 creatures vanquished.

Grand Total: 53 creatures vanquished

Notes
Turn   | Place    | Note
-------+----------+-------------------------------------------
     0 | D:1      | qw the Gargoyle Fighter began the quest for the Orb.
     0 | D:1      | Reached XP level 1. HP: 14/14 MP: 1/1
     0 | D:1      | 0 ||| qw: Version: 0.2-a-12-gaebbb33
     0 | D:1      | 0 ||| qw: Game counter: 1261
     0 | D:1      | 0 ||| qw: Always use a shield: true
     0 | D:1      | 0 ||| qw: God list: Okawaru
     0 | D:1      | 0 ||| qw: Allow faded altars: false
     0 | D:1      | 0 ||| qw: Do Orc after D:15 true
     0 | D:1      | 0 ||| qw: Do second Lair branch before Depths: true
     0 | D:1      | 0 ||| qw: Lair rune preference: random
     0 | D:1      | 0 ||| qw: Plans: Normal, Zot:1-4, God:TSO, Crypt, Tomb,
                  | Pan, Slime:5, Hells, Abyss, Orb
     0 | D:1      | 0 ||| PLANNING D:1-11
   259 | D:1      | 259 ||| Stepping ~*~*~tactically~*~*~ (stealth).
   395 | D:1      | Reached XP level 2. HP: 19/19 MP: 2/2
   486 | D:1      | 486 ||| Stepping ~*~*~tactically~*~*~ (stealth).
   488 | D:1      | 488 ||| Stepping ~*~*~tactically~*~*~ (stealth).
   502 | D:1      | 502 ||| Stepping ~*~*~tactically~*~*~ (stealth).
   682 | D:1      | 682 ||| DROPPING +0 club.
   997 | D:1      | Reached skill level 3 in Axes
  1088 | D:1      | 1088 ||| UPGRADING to amulet of the acrobat.
  1093 | D:1      | 1093 ||| UPGRADING to ring of protection from cold.
  1094 | D:1      | 1094 ||| UPGRADING to +4 ring of evasion.
  1095 | D:1      | 1095 ||| READING scroll labelled QAYRIOLAOMI.
  1096 | D:1      | 1096 ||| READING scroll labelled WEXOES ZIR.
  1097 | D:1      | 1097 ||| READING scroll labelled MUEHAE OXTO.
  1143 | D:2      | Reached XP level 3. HP: 23/23 MP: 3/3
  1273 | D:2      | 1273 ||| Stepping ~*~*~tactically~*~*~ (hiding).
  1337 | D:2      | Found Olokloqe's Assorted Antiques.
  1343 | D:2      | 1343 ||| SHOPLISTING dyed leather armour (135 gold, have
                  | 56).
  1343 | D:2      | 1343 ||| SHOPLISTING potion of might (108 gold, have 56).
  1343 | D:2      | 1343 ||| BUYING scroll labelled OTYPOEPPUFRI (27 gold).
  1343 | D:2      | Bought a scroll labelled OTYPOEPPUFRI for 27 gold pieces
  1343 | D:2      | 1343 ||| BUYING scroll labelled TULICI UWANU (27 gold).
  1343 | D:2      | Bought a scroll labelled TULICI UWANU for 27 gold pieces
  1343 | D:2      | 1343 ||| SHOPLISTING scroll labelled TULICI UWANU (27 gold,
                  | have 2).
  1343 | D:2      | 1343 ||| SHOPLISTING scroll labelled VAGAIW UNEYP (27 gold,
                  | have 2).
  1378 | D:2      | Found an ornate altar of the Wu Jian Council.
  1771 | D:2      | 1771 ||| UPGRADING to +0 cloak.
  1776 | D:2      | 1776 ||| UPGRADING to scarf of resistance.
  1786 | D:2      | 1786 ||| READING scroll labelled KYAM ICOGEOR.
  1791 | D:2      | 1791 ||| READING 3 scrolls labelled TULICI UWANU.
  1792 | D:2      | 1792 ||| READING 2 scrolls labelled OTYPOEPPUFRI.
  1793 | D:2      | 1793 ||| READING 2 scrolls of identify.
  1793 | D:2      | 1793 ||| IDENTIFYING black potion
  1794 | D:2      | 1794 ||| DROPPING potion of degeneration.
  1795 | D:2      | 1795 ||| DROPPING scroll of poison.
  1817 | D:3      | 1817 ||| STAIRDANCE
  1838 | D:3      | 1838 ||| STAIRDANCE
  1920 | D:3      | 1920 ||| DROPPING +0 whip.
  2074 | D:3      | 2074 ||| Stepping ~*~*~tactically~*~*~ (stealth).
  2085 | D:3      | 2085 ||| Stepping ~*~*~tactically~*~*~ (stealth).
  2086 | D:3      | 2086 ||| Stepping ~*~*~tactically~*~*~ (stealth).
  2122 | D:3      | Found a white marble altar of Elyvilon.
  2148 | D:3      | 2148 ||| Stepping ~*~*~tactically~*~*~ (hiding).
  2276 | D:3      | Noticed Grinder
  2276 | D:3      | Paralysed by Grinder for 4 turns
  2293 | D:3      | Paralysed by Grinder for 5 turns
  2299 | D:3      | Paralysed by Grinder for 3 turns
  2301 | D:3      | HP: 2/23 [Grinder (5)]
  2302 | D:3      | 2302 ||| READING scroll of teleportation.
  2302 | D:3      | Slain by Grinder

Levels and vault maps discovered:
D:1:      lemuel_arrival_lava_pool, layout_loops_corners,
          lexackson_kobold_supper
D:2:      layout_loops_ring, serial_shops, nicolae_shop_statue_plus, basic_altar
D:3:      layout_loops_ring, lemuel_doored_altar, grunt_ministairs_3,
          uniq_grinder

Skill      XL: |  1  2 |
---------------+-------+-----
Axes           | 2 3 |  3.7
Fighting       | |  3.2
Armour         | |  3.2
Shields        | |  3.2

Action                   || total
-------------------------++-------
Melee: War axe           ||   108
  Use: Scroll            ||     8
Armor: Scale mail        ||    34
Dodge: Dodged            ||    38
Block: Buckler           ||    16

Table legend:
 A = Non-vault XP
 B = Vault XP
 C = Vault XP percentage of total XP
 D = Non-vault monster count
 E = Vault monster count
 F = Vault count percentage of total count
                 A         B        C        D         E       F
            +---------+---------+-------+---------+---------+-------
      Total |      60 |      16 |  21.1 |      31 |       9 |  22.5
            +---------+---------+-------+---------+---------+-------
        D:1 |      21 |      11 |  34.4 |      14 |       8 |  36.4
        D:2 |      22 |       5 |  18.5 |      10 |       1 |   9.1
        D:3 |      17 |       0 |   0.0 |       7 |       0 |   0.0
            +---------+---------+-------+---------+---------+-------
